 Dungeon Crawl Stone Soup version 0.19-b1-5-gdc9fa9d (webtiles) character file.

130 varam the Cudgeler (level 5, -1/32 HPs)
             Began as a Gargoyle Fighter on Oct 31, 2016.
             Killed by divine providence
             ... invoked by an orc priest
              (10 damage)
             ... on level 3 of the Dungeon.
             The game lasted 00:02:21 (1590 turns).

varam the Cudgeler (Gargoyle Fighter)               Turns: 1590, Time: 00:02:22

Health: -1/32      AC: 11    Str: 19    XL:     5   Next: 13%
Magic:  5/5        EV:  8    Int: 10    God:
Gold:   93         SH:  9    Dex:  9    Spells: 0 memorised, 4 levels left

rFire  . . .     SeeInvis .     q - +4 trident
rCold  + . .     Gourm    .     w - +3 leather armour
rNeg   + . .     Faith    .     c - +0 shield
rPois  ∞         Spirit   .     u - +0 helmet
rElec  +         Reflect  .     (no cloak)
rCorr  .         Harm     .     (no gloves)
MR     .....                    (no boots)
Stlth  +.........               (no amulet)
                                (no ring)
                                h - ring of protection from cold

@: no status effects
A: negative energy resistance 1, electricity resistance, unbreathing,
petrification resistance, rot immunity, AC +4
a: no special abilities


You were on level 3 of the Dungeon.
You were not hungry.

You visited 1 branch of the dungeon, and saw 3 of its levels.

You collected 93 gold pieces.

Inventory:

Hand Weapons
 a - a +0 flail
 q - a +4 trident (weapon)
 r - a +0 dagger
Armour
 c - a +0 shield (worn)
 u - a +0 helmet (worn)
 w - a +3 leather armour (worn)
Jewellery
 h - a ring of protection from cold (left hand)
Wands
 p - a wand of flame (11/48)
Scrolls
 j - a scroll of remove curse {unknown}
 k - a scroll of magic mapping {unknown}
 l - a scroll of enchant weapon {unknown}
 n - 3 scrolls of blinking {unknown}
 s - a scroll of amnesia {unknown}
 t - a scroll of recharging {unknown}
Potions
 b - a potion of berserk rage {unknown}
 d - a potion of might
 e - a potion of cancellation {unknown}
 i - a potion of brilliance {unknown}
 m - a potion of heal wounds {unknown}
 v - a potion of lignification {unknown}
Comestibles
 f - a bread ration
 g - 2 beef jerkies
 o - 10 chunks of flesh


   Skills:
 - Level 3.2 Fighting
 + Level 5.1 Maces & Flails
 - Level 3.2 Armour
 - Level 3.2 Shields


You had 4 spell levels left.
You didn't know any spells.

Dungeon Overview and Level Annotations

Branches:
Dungeon (3/15)

Altars:
Elyvilon


Innate Abilities, Weirdness & Mutations

You are resistant to torment.
Your stone body is resilient. (AC +4)
You are immune to poison.
You resist negative energy. (rN+)
You are resistant to electric shocks. (rElec)
You can survive without breathing.
You are immune to petrification.
You are immune to rotting.


Message History

The orc wizard miscasts a cantrip.
You block the orc's attack. The orc hits you with a hand axe.
You puncture the orc!
You kill the orc!
You block the orc's attack.
A hobgoblin comes into view. It is wielding a club.
The hobgoblin shouts!
You block the orc's attack.
The hobgoblin moves out of view.
The orc priest mumbles some strange prayers to Beogh against you.
Beogh smites you!
An orc comes into view. It is wielding a war axe.
The orc wizard mumbles some strange words.
The orc wizard flickers and vanishes!
Deactivating autopickup; reactivate with Ctrl-A.
The orc priest begins to cast a cantrip, but forgets the words!
The orc priest mumbles some strange prayers to Beogh against you.
Beogh smites you!
The orc priest invokes the aid of Beogh against you.
Beogh smites you!
You die...

.....##o.## .=..... ...
.......g{# ....... ##..
.....###o##.........#.###...
...# #..#.........#.##<...
.. ##.##..........##....
#....................
#.#...........#.#....
#.#.o........##.#....
#.#.@........##......
##.#>.........####....
#..##........## #....
##.#####......#####.#..
##..# ##...#...........(
##..####..#..........####
#..####..###...>###### #
#.......## #....# #########
####.#


You could see an orc priest, an orc and a hobgoblin.

Vanquished Creatures
  Ijyb (D:2)
  Robin (D:2)
  3 adders (D:2)
  An ooze (D:1)
  2 worms (D:2)
  A dart slug (D:3)
  A leopard gecko (D:2)
  7 orcs
  4 bats
  4 giant cockroaches (D:2)
  9 goblins
  4 hobgoblins
  A ball python (D:1)
  3 frilled lizards
  2 kobolds
  4 rats
48 creatures vanquished.

Notes
Turn   | Place    | Note
-------+----------+-------------------------------------------
     0 | D:1      | varam the Gargoyle Fighter began the quest for the Orb.
     0 | D:1      | Reached XP level 1. HP: 14/14 MP: 1/1
   141 | D:1      | Reached XP level 2. HP: 9/19 MP: 2/2
   329 | D:1      | Reached skill level 3 in Maces & Flails
   753 | D:2      | Reached XP level 3. HP: 22/23 MP: 3/3
   776 | D:2      | Noticed Robin
   787 | D:2      | Killed Robin
  1044 | D:2      | Found a white marble altar of Elyvilon.
  1082 | D:2      | Reached skill level 4 in Maces & Flails
  1082 | D:2      | Reached XP level 4. HP: 20/28 MP: 4/4
  1258 | D:2      | Noticed Ijyb
  1274 | D:2      | Killed Ijyb
  1485 | D:2      | Reached skill level 5 in Maces & Flails
  1485 | D:2      | Reached XP level 5. HP: 28/32 MP: 5/5
  1590 | D:3      | Killed from afar by an orc priest

Skill      XL: |  1  2  3  4 |
---------------+-------------+-----
Maces & Flails | 3 4 5 |  5.1
Fighting       | |  3.2
Armour         | |  3.2
Shields        | |  3.2

Action                   |  1- 3 |  4- 6 || total
-------------------------+-------+-------++-------
Melee: Flail             |   101 |       ||   101
       Trident           |    22 |    77 ||    99
  Eat: Chunk             |     1 |     2 ||     3
Armor: Scale mail        |    62 |    49 ||   111
       Leather armour    |       |     3 ||     3
Dodge: Dodged            |    47 |    30 ||    77
Block: Shield            |    76 |    45 ||   121
